Match 41400593
Unlisted
Match 41400593
End
Construct Barracks
Engineer Squad
Riflemen Squad
Riflemen Squad
Grenade Package
Riflemen Squad
Selects Special Operations Battlegroup
Mechanized Support Center
M1918 Browning Automatic Rifles
Selects M29 Weasel with M1 Pack Howitzer
Selects M29 Weasel Recon Vehicle
M29 Weasel Recon Vehicle
Construct Medical Station
Construct Tank Depot
Designate Forward Repair Station
Selects P-47 Anti-Infantry Loiter
Selects UNKNOWN (2162291)
M4A1 Sherman Whizbang
Riflemen Squad
Selects Raiding Flares
Selects SSF Commando Squad
Engineer Squad
M4A1 Sherman Medium Tank
M4A1 76mm Conversion
Selects Air Re-supply Operation
Air Re-Supply Operation
M18 Hellcat Tank Destroyer
Salvage Crew
Engineer Squad
M4A1 Sherman Whizbang
M4A1(76) Sherman Medium Tank
Improvised Armor
Designate Forward Repair Station
Rapid Repairs
M18 Hellcat Tank Destroyer
Designate Forward Repair Station
M18 Hellcat Tank Destroyer
Engineer Squad
Engineer Squad
Raiding Flares
M18 Hellcat Tank Destroyer
Designate Forward Repair Station
.30 cal Machine Gun
M18 Hellcat Tank Destroyer
Designate Forward Repair Station
七彩斑斓的牛头人战士
Luckyman55
AHOIENMQ
15thShiMing
Yule
Mr.Faraam
旧时光
象棋大师
0
0
Comments sign in to comment!
No comments posted yet!